Map: 2000 Atmospheres LE

Players

ThereWereTwo - Winner!

  • Race: Terran Terran
  • League: Diamond

Edge

  • Race: Terran Terran
  • League: Diamond

VOD

Have the link to the VOD?

Description

Nuke main and natural within ~2s for only one audio notification. Prespace your ghosts to arrive in corners of those bases at the same time. Return with trailing ghost to defensive nuke against early aggression (especially tank pushes in TvT).

Time

  • Played on: Oct. 24, 2021, 10:26 p.m.
  • Length: 16:42
Show
View Real Time Build Order
Export as new Build Order

ThereWereTwo Terran - Winner!

Build Orders:  

Get SALT Encoding   

  12  0:01  SCV  
  13  0:13  SCV  
  14  0:16  Supply Depot  
  14  0:25  SCV  
  15  0:38  SCV  
  15  0:40  Barracks  
  16  0:43  Refinery  
  16  0:50  SCV  
  16  0:53  Refinery  
  17  1:02  SCV  
  18  1:14  SCV  
  19  1:26  SCV  
  19  1:29  Barracks Tech Lab  
  20  1:33  Supply Depot  
  20  1:34  Ghost Academy  
  20  1:43  Orbital Command  
  20  1:47  Marine  
  21  2:01  Bunker  
  21  2:09  SCV  
  21  2:11  Ghost  
  24  2:21  SCV  
  25  2:24  Personal Cloaking  
  25  2:33  SCV  
  26  2:41  Ghost  
  28  2:45  SCV  
  29  2:51  Supply Depot  
  30  2:58  SCV  
  30  3:01  Factory  
  30  3:10  Ghost Academy, SCV  
  31  3:22  SCV  
  32  3:33  Command Center  
  32  3:34  SCV  
  33  3:44  Nuke  
  33  3:49  SCV  
  33  3:50  Nuke  
  34  4:01  SCV  
  35  4:03  Refinery  
  35  4:05  Refinery, Starport  
  35  4:14  SCV  
  36  4:26  SCV  
  37  4:43  Command Center  
  37  4:44  SCV  
  38  4:47  Orbital Command  
  38  4:56  SCV  
  37  5:08  SCV  
  38  5:17  Starport Tech Lab  
  36  5:22  Fusion Core  
  36  5:23  Starport  
  36  5:24  SCV  
  36  5:25  SCV  
  36  5:28  Factory Tech Lab, Engineering Bay  
  38  5:30  Marine  
  39  5:36  SCV  
  39  5:37  SCV  
  41  5:46  Supply Depot  
  41  5:48  SCV  
  41  5:49  SCV  
  41  6:00  SCV  
  41  6:01  SCV  
  40  6:09  Battlecruiser  
  40  6:11  Siege Tank  
  49  6:12  SCV  
  49  6:17  SCV  
  51  6:23  Marine  
  51  6:24  SCV  
  53  6:30  SCV, Starport Tech Lab  
  53  6:32  Weapon Refit  
  54  6:33  SCV  
  54  6:37  SCV  
  56  6:51  Battlecruiser  
  56  6:52  SCV x2  
  64  7:05  Planetary Fortress  
  64  7:07  Refinery, SCV x2  
  66  7:11  Supply Depot  
  66  7:19  SCV x2  
  66  7:21  Hellion  
  70  7:31  SCV  
  71  7:38  SCV  
  71  7:39  Battlecruiser  
  71  7:44  Armory  
  78  7:46  SCV, Command Center  
  79  7:51  SCV x2  
  79  7:58  SCV  
  82  8:03  SCV  
  82  8:04  SCV  
  78  8:10  Battlecruiser  
  84  8:27  SCV  
  85  8:44  Supply Depot  
  85  8:47  Supply Depot  
  85  8:49  SCV  
  85  8:51  SCV  
  85  8:53  SCV  
  85  8:55  Hellion  
  80  8:56  Battlecruiser  
  80  8:57  Terran Ship Weapons Level 1  
  80  8:59  Orbital Command  
  80  9:01  SCV, Armory  
  85  9:03  SCV  
  85  9:05  SCV  
  86  9:13  SCV  
  86  9:15  SCV  
  88  9:17  Missile Turret  
  88  9:18  SCV  
  88  9:27  SCV  
  89  9:31  SCV  
  89  9:32  Ghost  
  89  9:33  Battlecruiser  
  89  9:35  SCV  
  94  9:45  SCV  
  94  9:48  SCV  
  94  9:49  Terran Vehicle And Ship Armor Level 1  
  93  9:58  SCV  
  94  10:02  Refinery  
  94  10:05  Missile Turret, SCV  
  94  10:06  Missile Turret  
  95  10:20  SCV  
  96  10:23  SCV  
  96  10:26  SCV  
  96  10:27  SCV, Battlecruiser  
  105  10:32  SCV  
  100  10:35  SCV  
  100  10:40  Command Center  
  100  10:41  Hellion  
  103  10:44  SCV  
  103  10:48  SCV  
  105  10:51  SCV  
  106  11:04  SCV  
  107  11:07  SCV  
  108  11:12  SCV  
  108  11:17  SCV  
  110  11:21  Ghost  
  110  11:23  Command Center  
  110  11:24  SCV  
  113  11:28  Command Center, SCV  
  113  11:32  Missile Turret x2  
  108  11:33  SCV  
  108  11:38  SCV  
  110  11:43  SCV  
  110  11:45  Terran Vehicle And Ship Armor Level 2, Terran Ship Weapons Level 2  
  112  11:47  SCV  
  112  11:52  SCV  
  112  11:53  Command Center  
  113  12:04  SCV  
  113  12:05  Battlecruiser  
  113  12:06  Battlecruiser  
  120  12:12  Starport  
  120  12:14  Factory  
  120  12:17  Starport  
  120  12:18  SCV  
  120  12:19  Supply Depot  
  120  12:20  SCV  
  120  12:22  Hi-Sec Auto Tracking, Supply Depot  
  122  12:27  SCV, Command Center  
  123  12:32  Infernal Pre-Igniter  
  123  12:34  Hellion  
  123  12:35  SCV  
  126  12:43  Nuke  
  126  12:44  Nuke  
  126  12:47  SCV  
  126  12:49  SCV  
  126  12:50  Starport Tech Lab  
  128  12:54  Supply Depot  
  128  12:55  Starport Tech Lab, Supply Depot  
  128  12:57  Hellion  
  128  12:58  Factory Reactor  
  130  12:59  SCV  
  130  13:02  SCV  
  132  13:11  SCV  
  133  13:34  Battlecruiser x2  
  133  13:35  Battlecruiser  
  133  13:36  Battlecruiser  
  133  13:38  Hellion x3  
  133  13:40  Supply Depot, SCV  
  162  13:42  Planetary Fortress  
  162  13:47  Refinery, Planetary Fortress  
  160  13:53  Refinery  
  160  13:58  Planetary Fortress  
  160  14:00  Refinery x2  
  160  14:01  Missile Turret, SCV  
  161  14:03  SCV  
  162  14:14  Refinery  
  161  14:18  SCV  
  162  14:28  Hellion x3  
  166  14:31  SCV  
  166  14:32  Nuke  
  165  14:42  SCV  
  154  14:46  Nuke  
  154  14:52  Hellion x3  
  160  14:59  SCV  
  161  15:13  Hellion x2  
  165  15:14  SCV  
  165  15:19  Battlecruiser x2  
  178  15:27  SCV  
  173  15:29  Planetary Fortress  
  173  15:31  Missile Turret  
  173  15:42  Refinery  
  173  15:45  Missile Turret  
  167  15:56  Planetary Fortress  
  167  15:59  Missile Turret  
  167  16:05  Refinery  
  167  16:08  Refinery, Command Center  
  167  16:10  Command Center  
  167  16:16  Missile Turret  
  167  16:18  Command Center  
  179  16:21  Missile Turret  
  179  16:24  SCV  
Show
View Real Time Build Order
Export as new Build Order

Edge Terran 

Build Orders: 2 Factory 

Get SALT Encoding   

  12  0:01  SCV  
  13  0:13  SCV  
  14  0:18  Supply Depot  
  14  0:25  SCV  
  15  0:40  Barracks, SCV  
  16  0:52  SCV  
  17  1:04  SCV  
  18  1:19  Command Center  
  19  1:27  Marine  
  19  1:31  Orbital Command  
  19  1:43  Bunker  
  19  1:45  Marine  
  20  2:06  Marine, SCV  
  22  2:08  Refinery  
  22  2:09  Refinery  
  22  2:19  SCV  
  23  2:30  Marine, Orbital Command  
  23  2:31  SCV  
  23  2:32  Supply Depot  
  25  2:43  SCV  
  26  2:48  Marine  
  27  2:55  SCV  
  27  2:56  Factory  
  27  2:57  SCV  
  29  3:06  Marine  
  29  3:07  SCV  
  29  3:10  SCV  
  32  3:12  Supply Depot  
  32  3:14  Supply Depot  
  32  3:19  SCV  
  33  3:20  Factory  
  33  3:23  Marine, SCV  
  35  3:31  SCV  
  36  3:34  Supply Depot  
  36  3:35  SCV  
  36  3:39  Factory Tech Lab  
  37  3:43  SCV  
  37  3:45  Starport  
  37  3:47  SCV  
  39  3:55  SCV  
  39  3:58  Cyclone  
  39  3:59  Marine, SCV  
  45  4:05  Factory Reactor  
  45  4:07  SCV  
  46  4:12  SCV  
  47  4:20  SCV  
  47  4:23  Starport Tech Lab  
  47  4:24  SCV  
  49  4:30  Engineering Bay  
  49  4:35  SCV  
  49  4:36  SCV  
  14  4:54  SCV x2  
  16  5:04  Missile Turret  
  16  5:06  SCV x2  
  18  5:16  Command Center  
  18  5:18  SCV x2  
  20  5:22  Cyclone  
  23  5:30  SCV x2  
  25  5:42  SCV x2  
  27  5:55  Cyclone  
  26  6:07  SCV x2  
  26  6:08  Hellion x2  
  32  6:19  SCV x2  
  34  6:31  SCV x2  
  37  6:36  Orbital Command  
  36  6:43  SCV x2  
  38  6:49  Siege Tank  
  39  6:55  Starport Tech Lab, SCV x2  
  39  6:58  Refinery  
  41  7:02  SCV  
  41  7:07  SCV x2  
  44  7:13  Banshee  
  44  7:14  SCV  
  48  7:19  SCV x2  
  50  7:24  Missile Turret  
  50  7:29  SCV  
  48  7:31  SCV  
  48  7:33  SCV  
  45  7:40  Missile Turret  
  45  7:47  SCV  
  45  7:48  SCV  
  47  7:52  SCV  
  47  7:56  Barracks Tech Lab  
  48  7:59  SCV  
  46  8:05  Cyclone  
  46  8:11  Viking  
  48  8:15  SCV  
  40  8:29  Missile Turret, SCV  
  35  8:35  SCV  
  35  8:37  Cyclone  
  36  8:43  SCV  
  30  8:54  SCV  
  29  9:10  Cyclone  
  29  9:17  Missile Turret  
  29  9:18  SCV x2  
  29  9:19  SCV  
  25  9:30  SCV x2  
  24  9:33  SCV  
  22  9:42  SCV  
  22  9:43  SCV  
  24  9:45  SCV  
  25  9:55  SCV  
  23  10:00  SCV x2  
  26  10:07  SCV  
  26  10:12  SCV x2  
  28  10:19  SCV  
  28  10:24  SCV x2  
  30  10:32  SCV  
  30  10:34  Siege Tank, Hellion  
  33  10:36  SCV  
  33  10:39  Viking  
  33  11:02  Widow Mine  
  33  11:06  Cyclone  
  29  11:18  SCV x2  
  26  11:19  Missile Turret  
  26  11:32  SCV x2  
  27  11:38  SCV  
  26  11:47  SCV x2  
  26  11:50  SCV  
  28  12:04  SCV  
  28  12:05  SCV x2  
  29  12:13  Refinery  
  29  12:16  SCV  
  29  12:17  SCV x2  
  29  12:22  Marine  
  33  12:29  SCV x3  
  36  12:38  Refinery  
  36  12:39  Widow Mine  
  36  12:40  Widow Mine  
  36  12:41  SCV x2  
  36  12:42  SCV  
  43  12:53  SCV x2  
  43  12:54  SCV  
  43  12:57  Missile Turret  
  43  12:59  Hellion  
  38  13:10  SCV, Hellion x2  
  32  13:20  Cyclone  
  32  13:22  SCV  
  32  13:23  SCV x2  
  32  13:25  Marine  
  35  13:31  Widow Mine, Hellion  
  39  13:34  SCV  
  39  13:35  SCV x2  
  42  13:47  SCV x2  
  44  13:50  Missile Turret  
  44  13:51  Missile Turret  
  44  13:52  Cyclone, Hellion  
  44  13:53  Missile Turret  
  45  14:11  SCV x2  
  45  14:12  SCV  
  45  14:13  Widow Mine  
  45  14:14  Widow Mine  
  45  14:16  Marine  
  46  14:19  Viking  
  46  14:23  SCV  
  44  14:24  SCV x2  
  44  14:25  Cyclone  
  44  14:35  SCV  
  44  14:36  SCV  
  40  14:52  SCV  
  40  14:53  SCV  
  41  15:01  Hellion  
  41  15:04  SCV  
  38  15:19  SCV x2  
  30  15:31  SCV x2  
  28  15:43  SCV  
  28  15:45  SCV  
  30  15:55  SCV  
  31  15:57  SCV  
  32  16:07  SCV  
  32  16:08  Cyclone  
  32  16:09  SCV, Hellion  
  39  16:19  SCV  
  39  16:21  SCV  
Tags
 
Add a new tag
Caveats
  • Supply blocks, unpowered buildings, or Contaminate may cause inaccurate times.
  • Supply counts are checked every 10 seconds.